[Event "ICC tourney 2955 (40 10)"]
[Site "Internet Chess Club"]
[Date "2022.07.09"]
[Round "2"]
[White "Mishra, Aakash:ttpq52"]
[Black "Bharathy Mohan, Aarav Sai:aaravbm"]
[Result "0-1"]
[ICCResult "White resigns"]
[WhiteElo "401"]
[BlackElo "1169"]
[Opening "Queen's pawn: Chigorin variation"]
[ECO "D00"]
[NIC "QP.08"]
[Time "13:17:00"]
[PlyCount "96"]
[TimeControl "2400+10"]

1. d4 d5 2. Nc3 Bf5 3. f3 Nf6 4. g4 Bg6 5. g5 Ng8 6. h4 h6 7. e4 e6 8. Nh3
Bb4 9. Qd3 Nc6 10. Bg2 dxe4 11. fxe4 Qxd4 12. Bd2 Qxd3 13. cxd3 O-O-O 14.
Bf1 Ne5 15. Nf2 hxg5 16. Bxg5 Nf3+ 17. Ke2 Nxg5 18. Bg2 Bh5+ 19. Kf1 Nf3 20.
Nb5 a6 21. Na3 Bxa3 22. bxa3 Nd2+ 23. Kg1 Bf3 24. Rh3 Bh5 25. Kh2 Nf6 26.
Rg3 Be2 27. Kh3 Rh7 28. Re3 Bh5 29. Rg3 Rdh8 30. e5 Nd7 31. Re1 Bg6 32. Kh2
Rxh4+ 33. Nh3 Rd4 34. Ree3 Rh5 35. Rg5 Rxg5 36. Nxg5 Rxd3 37. Rxd3 Bxd3 38.
Nxf7 Nc4 39. Ng5 Ndxe5 40. Nxe6 Nxa3 41. Nxg7 Bc4 42. Nf5 Bxa2 43. Bh3 Be6
44. Ne7+ Kd7 45. Bxe6+ Kxe6 46. Ng8 Ng4+ 47. Kg3 Kf7 48. Kxg4 Kxg8
{White resigns}
0-1

[Event "ICC tourney 2955 (40 10)"]
[Site "Internet Chess Club"]
[Date "2022.07.09"]
[Round "2"]
[White "Morgan, Lakshmi M:luckylol3"]
[Black "ZHOU, YUCHEN:K01-30171464"]
[Result "1-0"]
[ICCResult "Black resigns"]
[WhiteElo "1314"]
[BlackElo "764"]
[Opening "Sicilian: Smith-Morra gambit"]
[ECO "B21"]
[NIC "SI.48"]
[Time "13:17:00"]
[PlyCount "57"]
[TimeControl "2400+10"]

1. e4 c5 2. d4 cxd4 3. c3 dxc3 4. Nxc3 Nc6 5. Nf3 e6 6. Bc4 Nge7 7. Bf4 Ng6
8. Bg3 Be7 9. O-O O-O 10. Qd2 a6 11. a4 b6 12. Rad1 e5 13. Nd5 Re8 14. b4
Bb7 15. Qb2 d6 16. Rd2 Bf8 17. Rfd1 Nce7 18. Nc3 Nc6 19. Qb3 Qc7 20. Nd5 Qd8
21. Ne3 Qc7 22. Ng5 Re7 23. Nd5 Nd4 24. Rxd4 Bxd5 25. Rxd5 h6 26. Nf3 Rd7
27. Nxe5 Nxe5 28. Bxe5 Rc8 29. Bxa6 {Black resigns} 1-0

[Event "ICC tourney 2955 (40 10)"]
[Site "Internet Chess Club"]
[Date "2022.07.09"]
[Round "2"]
[White "HECHT, HENRY:Henhec1001"]
[Black "ANGELCHIK, JACOB:t105mm"]
[Result "1-0"]
[ICCResult "Black resigns"]
[WhiteElo "1016"]
[BlackElo "1284"]
[Opening "English, 1...Nf6 (Anglo-Indian defense)"]
[ECO "A15"]
[NIC "EO.64"]
[Time "13:16:59"]
[PlyCount "85"]
[TimeControl "2400+10"]

1. c4 Nf6 2. g3 g6 3. Bg2 Bg7 4. Nc3 d6 5. h3 O-O 6. Nf3 e5 7. d3 Be6 8. O-O
Qd7 9. Kh2 Nc6 10. a3 Rfe8 11. Bg5 d5 12. b3 d4 13. Bxf6 Bxf6 14. Ne4 Bg7
15. Nfg5 Qe7 16. Nxe6 Qxe6 17. Nc5 Qf6 18. Nxb7 Rab8 19. Nc5 Qd6 20. b4 f5
21. Bd5+ Kh8 22. Qa4 Ne7 23. Bg2 c6 24. Rab1 Rec8 25. Rb3 Ng8 26. Qxa7 Ra8
27. Qd7 Qxd7 28. Nxd7 Rc7 29. Nc5 Rac8 30. Ra1 Nf6 31. Ra2 Re7 32. a4 e4 33.
dxe4 Nxe4 34. Nxe4 fxe4 35. a5 Ra8 36. b5 Rb8 37. a6 cxb5 38. cxb5 Be5 39.
b6 d3 40. a7 Ra8 41. exd3 exd3 42. Bxa8 Rd7 43. Rd2 {Black resigns} 1-0

[Event "ICC tourney 2955 (40 10)"]
[Site "Internet Chess Club"]
[Date "2022.07.09"]
[Round "2"]
[White "STONE, GILBERT L:tightfist"]
[Black "Wang, Chase:chensix"]
[Result "1-0"]
[ICCResult "Black checkmated"]
[WhiteElo "1283"]
[BlackElo "918"]
[Opening "King's Indian, 3.Nf3"]
[ECO "E60"]
[NIC "QP.11"]
[Time "13:16:56"]
[PlyCount "57"]
[TimeControl "2400+10"]

1. Nf3 Nf6 2. c4 g6 3. d4 Bg7 4. e3 O-O 5. Be2 c5 6. O-O Nc6 7. Nc3 d5 8.
cxd5 Nxd5 9. Nxd5 Qxd5 10. dxc5 Qxc5 11. Qd2 Rd8 12. Qe1 Nb4 13. Bd1 Be6 14.
Kh1 Bc4 15. a3 Nd3 16. Qd2 Nb4 17. axb4 Rxd2 18. bxc5 Bxf1 19. Nxd2 Bd3 20.
Ra3 Bb5 21. Bf3 Bc6 22. Bxc6 bxc6 23. Ra6 Rd8 24. g3 Bxb2 25. Bxb2 Rxd2 26.
Bd4 Rd1+ 27. Kg2 Rc1 28. Rxa7 Kf8 29. Ra8# {Black checkmated} 1-0

[Event "ICC tourney 2955 (40 10)"]
[Site "Internet Chess Club"]
[Date "2022.07.09"]
[Round "2"]
[White "ZHANG, ARI:brass60Six"]
[Black "WESLEY, GEORGE:Maglars"]
[Result "1-0"]
[ICCResult "Black checkmated"]
[WhiteElo "1289"]
[BlackElo "1062"]
[Opening "Old Indian defense"]
[ECO "E61"]
[NIC "KI.76"]
[Time "13:17:00"]
[PlyCount "77"]
[TimeControl "2400+10"]

1. d4 Nf6 2. c4 d6 3. Nf3 g6 4. Nc3 Bg7 5. Bf4 O-O 6. e4 b6 7. Be2 c5 8. d5
a6 9. O-O Nbd7 10. h3 Nh5 11. Bh2 Rb8 12. Rb1 Bh8 13. Re1 Qe8 14. Nd2 Ng7
15. Nf3 Qd8 16. e5 Ne8 17. Bd3 dxe5 18. Nxe5 Nxe5 19. Bxe5 Bxe5 20. Rxe5 Qd6
21. Qe2 Rb7 22. Re1 e6 23. Qf3 Ng7 24. R5e3 b5 25. Ne4 Qd8 26. Nxc5 Rc7 27.
Ne4 bxc4 28. d6 Rd7 29. Nf6+ Kh8 30. Nxd7 cxd3 31. Nxf8 Qxd6 32. Nxg6+ fxg6
33. Rxd3 Qe7 34. Red1 Bb7 35. Rd8+ Ne8 36. Qc3+ Kg8 37. R1d7 Qf6 38. Rxe8+
Qf8 39. Qg7# {Black checkmated} 1-0

[Event "ICC tourney 2955 (40 10)"]
[Site "Internet Chess Club"]
[Date "2022.07.09"]
[Round "2"]
[White "HAMLETT, JAMES MORRISON:Hamlett144"]
[Black "JAIN, ISAAC:itg"]
[Result "0-1"]
[ICCResult "White resigns"]
[WhiteElo "1252"]
[BlackElo "973"]
[Opening "Scotch: Potter variation"]
[ECO "C45"]
[NIC "SO.05"]
[Time "13:16:57"]
[PlyCount "80"]
[TimeControl "2400+10"]

1. e4 e5 2. Nf3 Nc6 3. d4 exd4 4. Nxd4 Bc5 5. Nb3 Bb6 6. Bc4 Nf6 7. Nc3 O-O
8. O-O d6 9. Kh1 Be6 10. Bxe6 fxe6 11. Bg5 Qd7 12. f3 Qf7 13. Ne2 Qh5 14.
Qd2 Rf7 15. h4 h6 16. Nf4 Nxe4 17. fxe4 Qg4 18. Ng6 Rxf1+ 19. Rxf1 hxg5 20.
Qe1 Qh5 21. Nf4 gxf4 22. Rxf4 Rf8 23. g4 Qe5 24. Rxf8+ Kxf8 25. c3 d5 26.
Nd2 dxe4 27. Nxe4 Qf4 28. g5 Ne5 29. Nd2 Nf3 30. Nxf3 Qxf3+ 31. Kh2 Be3 32.
Qb1 Qf2+ 33. Kh3 Qf5+ 34. Qxf5+ exf5 35. Kg3 f4+ 36. Kf3 g6 37. b3 Kf7 38.
a3 Ke6 39. a4 Kf5 40. c4 a5 {White resigns} 0-1

[Event "ICC tourney 2955 (40 10)"]
[Site "Internet Chess Club"]
[Date "2022.07.09"]
[Round "3"]
[White "Jones, Richard S:weakfish"]
[Black "HECHT, HENRY:Henhec1001"]
[Result "1/2-1/2"]
[ICCResult "Game drawn by mutual agreement"]
[WhiteElo "1354"]
[BlackElo "1016"]
[Opening "Sicilian: Anderssen variation"]
[ECO "B41"]
[NIC "SI.41"]
[Time "15:30:21"]
[PlyCount "58"]
[TimeControl "2400+10"]

1. e4 c5 2. Nf3 e6 3. d4 cxd4 4. Nxd4 Nf6 5. Bg5 h6 6. Bxf6 Qxf6 7. c3 Bc5
8. Bc4 Nc6 9. O-O Nxd4 10. cxd4 Qxd4 11. Qxd4 Bxd4 12. Nc3 Bxc3 13. bxc3 b6
14. Rad1 Ke7 15. Rd4 Rd8 16. Rfd1 Bb7 17. f3 a6 18. a4 Bc6 19. Bb3 b5 20.
axb5 axb5 21. Kf2 Ra3 22. Rb4 d5 23. exd5 Bxd5 24. Bxd5 Rxd5 25. Rxd5 exd5
26. Rxb5 Rxc3 27. Rxd5 g6 28. Kg3 Re3 29. Ra5 Kf6
{Game drawn by mutual agreement}
1/2-1/2

[Event "ICC tourney 2955 (40 10)"]
[Site "Internet Chess Club"]
[Date "2022.07.09"]
[Round "3"]
[White "BABARIA, RAJVI RAKESH:rajvibabaria1"]
[Black "Mishra, Aakash:ttpq52"]
[Result "1-0"]
[ICCResult "Black resigns"]
[WhiteElo "1333"]
[BlackElo "401"]
[Opening "Owen defense"]
[ECO "B00"]
[NIC "VO.01"]
[Time "15:30:16"]
[PlyCount "39"]
[TimeControl "2400+10"]

1. e4 b6 2. Nf3 Bb7 3. Nc3 d6 4. Bc4 Nf6 5. d3 e6 6. O-O d5 7. exd5 exd5 8.
Bb3 d4 9. Qe2+ Be7 10. Nb5 c5 11. Re1 a6 12. Na3 Nc6 13. Ne5 Nxe5 14. Qxe5
Nd5 15. Bxd5 f6 16. Bf7+ Kxf7 17. Qe6+ Ke8 18. Nc4 b5 19. Nd6+ Qxd6 20. Qxd6
{Black resigns}
1-0

[Event "ICC tourney 2955 (40 10)"]
[Site "Internet Chess Club"]
[Date "2022.07.09"]
[Round "3"]
[White "JAIN, ISAAC:itg"]
[Black "Morgan, Lakshmi M:luckylol3"]
[Result "0-1"]
[ICCResult "White checkmated"]
[WhiteElo "973"]
[BlackElo "1314"]
[Opening "Four knights: Italian variation"]
[ECO "C55"]
[NIC "IG.01"]
[Time "15:30:15"]
[PlyCount "40"]
[TimeControl "2400+10"]

1. e4 e5 2. Nf3 Nc6 3. Bc4 Nf6 4. Nc3 Nxe4 5. Nxe4 d5 6. Bd3 dxe4 7. Bxe4
Bd6 8. O-O O-O 9. d4 exd4 10. Nxd4 Nxd4 11. Qxd4 Bxh2+ 12. Kxh2 Qxd4 13. Bf3
c6 14. Rd1 Qh4+ 15. Kg1 Bg4 16. Rd4 f5 17. Bf4 Rad8 18. Bd6 Rfe8 19. Rad1
Rc8 20. R1d3 Re1# {White checkmated} 0-1

[Event "ICC tourney 2955 (40 10)"]
[Site "Internet Chess Club"]
[Date "2022.07.09"]
[Round "3"]
[White "Pandina, Jake:JakeAlo"]
[Black "Jiang, Zen:zenjiang"]
[Result "1-0"]
[ICCResult "Black resigns"]
[WhiteElo "1190"]
[BlackElo "748"]
[Opening "Ruy Lopez: exchange variation, 5.O-O"]
[ECO "C68"]
[NIC "RL.08"]
[Time "15:30:10"]
[PlyCount "59"]
[TimeControl "2400+10"]

1. e4 e5 2. Nf3 Nc6 3. Bb5 a6 4. Bxc6 dxc6 5. O-O Bd6 6. c3 c5 7. d3 h6 8.
Be3 Nf6 9. Nbd2 O-O 10. h3 b6 11. Qc2 Bb7 12. Nc4 Re8 13. Nxd6 cxd6 14. a4
Qc7 15. c4 Bc6 16. Nh4 Rad8 17. Qd2 Kh7 18. Nf5 Ng8 19. f4 Re6 20. Nh4 Ree8
21. fxe5 dxe5 22. Qf2 f6 23. Qf5+ Kh8 24. Qg6 Ne7 25. Qh5 Ng8 26. Qf5 Ne7
27. Qh5 Ng8 28. Ng6+ Kh7 29. Qf5 Qd7 30. Nf8+ {Black resigns} 1-0

[Event "ICC tourney 2955 (40 10)"]
[Site "Internet Chess Club"]
[Date "2022.07.09"]
[Round "3"]
[White "HESS, KARL ALAN:Khess33"]
[Black "Singh, Saharsh:saharshsingh02"]
[Result "0-1"]
[ICCResult "White checkmated"]
[WhiteElo "1253"]
[BlackElo "798"]
[Opening "Queen's pawn, Mason variation"]
[ECO "D00"]
[NIC "QP.08"]
[Time "15:30:21"]
[PlyCount "70"]
[TimeControl "2400+10"]

1. d4 d5 2. Bf4 Nf6 3. e3 g6 4. Nd2 Bg7 5. c3 O-O 6. Ngf3 Nc6 7. Bb5 Bd7 8.
O-O Re8 9. Ba4 a6 10. Bc2 Bg4 11. Qc1 Nh5 12. h3 Nxf4 13. exf4 Bf5 14. Bd1
Bd3 15. Re1 f5 16. Ne5 Nxe5 17. dxe5 Bh6 18. g3 g5 19. fxg5 Bxg5 20. f4 Bh6
21. e6 c6 22. Bh5 Rf8 23. Qd1 Bb5 24. Bf7+ Kh8 25. Qh5 Bg7 26. Nf3 Qb6+ 27.
Kg2 Bd3 28. Ne5 Qxb2+ 29. Kg1 Bxe5 30. fxe5 Qxc3 31. Qg5 Rg8 32. Bxg8 Rxg8
33. Qf4 Be4 34. Kh2 Qc2+ 35. Kg1 Qg2# {White checkmated} 0-1

[Event "ICC tourney 2955 (40 10)"]
[Site "Internet Chess Club"]
[Date "2022.07.09"]
[Round "3"]
[White "Yang, Leah:Leahyang0713"]
[Black "Mishra, Abhinav:acm9000"]
[Result "0-1"]
[ICCResult "White checkmated"]
[WhiteElo "687"]
[BlackElo "1208"]
[Opening "Caro-Kann: exchange variation"]
[ECO "B13"]
[NIC "CK.02"]
[Time "15:30:08"]
[PlyCount "114"]
[TimeControl "2400+10"]

1. e4 c6 2. d4 d5 3. exd5 cxd5 4. Nc3 Nc6 5. Nf3 Nf6 6. h3 e6 7. Be3 Bd6 8.
Bd3 a6 9. O-O O-O 10. Re1 e5 11. dxe5 Nxe5 12. Nxe5 Bxe5 13. Bg5 Bxc3 14.
bxc3 Qd6 15. Qf3 Kh8 16. Rad1 Rg8 17. Bc4 Qc6 18. Bxd5 Nxd5 19. Qxd5 Qxc3
20. Qxf7 Bxh3 21. gxh3 Qxh3 22. Qf4 Raf8 23. Qg3 Qf5 24. Rd2 h6 25. Be3 Rf6
26. Kf1 Rg6 27. Qh2 Qf6 28. Bd4 Qc6 29. Re3 Qc4+ 30. Ree2 Re8 31. f3 Rge6
32. Rd3 Qxa2 33. Rxe6 Qb1+ 34. Kg2 Qxc2+ 35. Bf2 Rxe6 36. Rd8+ Kh7 37. Kh3
Qf5+ 38. Kg2 Qg5+ 39. Qg3 Qxd8 40. Kh2 Rg6 41. Qf4 Qd6 42. Qxd6 Rxd6 43. Bg3
Rg6 44. f4 Rxg3 45. Kxg3 b5 46. Kg4 a5 47. f5 Kg8 48. Kh5 Kf7 49. f6 Kxf6
50. Kg4 a4 51. Kf4 a3 52. Ke4 a2 53. Kd5 a1=Q 54. Ke4 Qc3 55. Kf4 g5+ 56.
Kg4 Qe3 57. Kh5 Qh3# {White checkmated} 0-1

[Event "ICC tourney 2955 (40 10)"]
[Site "Internet Chess Club"]
[Date "2022.07.09"]
[Round "3"]
[White "Bharathy Mohan, Aarav Sai:aaravbm"]
[Black "Johns, Timothy Wesley:nishanth600"]
[Result "0-1"]
[ICCResult "White checkmated"]
[WhiteElo "1169"]
[BlackElo "647"]
[Opening "Caro-Kann: Tartakower (fantasy) variation"]
[ECO "B12"]
[NIC "CK.02"]
[Time "15:30:09"]
[PlyCount "70"]
[TimeControl "2400+10"]

1. e4 c6 2. d4 d5 3. f3 dxe4 4. fxe4 e5 5. Nf3 Nf6 6. Nxe5 Nxe4 7. Qf3 Nd6
8. c4 Be6 9. c5 Nf5 10. Nd3 Qxd4 11. Nc3 Bxc5 12. Nxc5 Qxc5 13. Bf4 O-O 14.
h4 Re8 15. Be2 Nd4 16. Qe4 f5 17. Qd3 Bc4 18. Qd2 Nxe2 19. Nxe2 Rxe2+ 20.
Qxe2 Bxe2 21. Kxe2 Nd7 22. Rad1 Nf6 23. Rd2 Ne4 24. Be3 Qe5 25. Rhd1 Nxd2
26. Rxd2 f4 27. Rd3 Re8 28. g3 fxe3 29. Rc3 Qxg3 30. h5 Qf2+ 31. Kd3 e2 32.
Rc2 e1=N+ 33. Kc3 Qxc2+ 34. Kd4 b6 35. h6 Qd3# {White checkmated} 0-1

[Event "ICC tourney 2955 (40 10)"]
[Site "Internet Chess Club"]
[Date "2022.07.09"]
[Round "3"]
[White "Rajagopal, Mridhulaa:MridhulaaRaj"]
[Black "NANDURBARKAR, ANSH S:anandurbarkar"]
[Result "0-1"]
[ICCResult "White checkmated"]
[WhiteElo "772"]
[BlackElo "1131"]
[Opening "Giuoco Piano"]
[ECO "C50"]
[NIC "IG.02"]
[Time "15:30:16"]
[PlyCount "140"]
[TimeControl "2400+10"]

1. e4 e5 2. Nf3 Nc6 3. Bc4 Bc5 4. h3 Nf6 5. d3 O-O 6. Nc3 a6 7. a3 b5 8. Ba2
Bb7 9. Nd5 Ne8 10. O-O Nd6 11. Bg5 Qc8 12. Be7 Re8 13. Bf6 gxf6 14. Nxf6+
Kh8 15. Nxe8 Qxe8 16. Ng5 Qg8 17. Qh5 Rf8 18. Qh6 Ne8 19. Kh1 Be7 20. Nxf7+
Rxf7 21. f4 Rf6 22. Qxf6+ Nxf6 23. Bxg8 Kxg8 24. fxe5 Nxe5 25. g4 d5 26.
exd5 Bxd5+ 27. Kg1 Nf3+ 28. Kf2 Bc5+ 29. Ke2 Nd4+ 30. Kd2 Nd7 31. b4 Bd6 32.
Kc3 Be5 33. Rab1 Nf3+ 34. d4 Bxd4+ 35. Kd3 Bc4+ 36. Ke4 Bxf1 37. Kxf3 Bc4
38. Rd1 Ne5+ 39. Ke4 Bb2 40. Rd8+ Kf7 41. Rc8 Ng6 42. Rxc7+ Kf6 43. Rc6+ Ke7
44. Rxa6 Ne5 45. Ra7+ Nd7 46. a4 bxa4 47. Rxa4 Bf6 48. Ra7 Bf1 49. Kd5 Bxh3
50. Kc6 Bxg4 51. b5 Bf3+ 52. Kc7 Be5+ 53. Kc8 Bg4 54. b6 Ke8 55. Kb7 Nxb6
56. Kc6 Bf3+ 57. Kc5 Nd7+ 58. Kb5 h5 59. c4 Bd4 60. Ra3 Bg4 61. Rd3 Be5 62.
Rd5 h4 63. c5 h3 64. c6 h2 65. cxd7+ Kd8 66. Rxe5 h1=Q 67. Kb6 Qh6+ 68. Kc5
Bxd7 69. Rd5 Qc1+ 70. Kd6 Qc7# {White checkmated} 0-1

[Event "ICC tourney 2955 (40 10)"]
[Site "Internet Chess Club"]
[Date "2022.07.09"]
[Round "3"]
[White "Yang, Daniel Benji Benji:DanielYang99"]
[Black "Cao, Frank Zhongtian:FrankCao"]
[Result "1/2-1/2"]
[ICCResult "Game drawn by repetition"]
[WhiteElo "1257"]
[BlackElo "743"]
[Opening "Caro-Kann defense"]
[ECO "B10"]
[NIC "CK.01"]
[Time "15:30:07"]
[PlyCount "94"]
[TimeControl "2400+10"]

1. e4 c6 2. Nf3 d5 3. exd5 cxd5 4. d4 Nc6 5. Be3 Bg4 6. Nbd2 Nf6 7. h3 Bh5
8. Bb5 a6 9. Bxc6+ bxc6 10. O-O e6 11. Qe2 Bd6 12. Qd3 O-O 13. Bg5 h6 14.
Bh4 Be7 15. Ne5 c5 16. c3 g5 17. Bg3 Nd7 18. Ndf3 Nxe5 19. Nxe5 Bd6 20. Nc6
Qc7 21. Bxd6 Qxd6 22. Ne5 Kg7 23. Rae1 c4 24. Qg3 f6 25. Nf3 Qxg3 26. fxg3
Rae8 27. g4 Bg6 28. Re2 Bd3 29. Rfe1 Bxe2 30. Rxe2 Rf7 31. Ne1 Rfe7 32. Nc2
a5 33. Na3 e5 34. dxe5 fxe5 35. Nb5 Kf6 36. Nd6 Rd8 37. Nf5 Rh7 38. Rf2 Ke6
39. Re2 Kf6 40. Rf2 Ke6 41. Re2 Kf6 42. Rf2 Ke6 43. Re2 Kf6 44. Rf2 Ke6 45.
Re2 Kf6 46. Rf2 Ke6 47. Re2 Kf6 {Game drawn by repetition} 1/2-1/2

[Event "ICC tourney 2955 (40 10)"]
[Site "Internet Chess Club"]
[Date "2022.07.09"]
[Round "3"]
[White "WESLEY, GEORGE:Maglars"]
[Black "HAMLETT, JAMES MORRISON:Hamlett144"]
[Result "0-1"]
[ICCResult "White resigns"]
[WhiteElo "1062"]
[BlackElo "1252"]
[Opening "English: Sicilian reversed"]
[ECO "A25"]
[NIC "EO.20"]
[Time "15:30:27"]
[PlyCount "98"]
[TimeControl "2400+10"]

1. c4 e5 2. Nc3 Nc6 3. g3 f5 4. Bg2 d6 5. e3 Nf6 6. Nge2 Be7 7. O-O h5 8. h4
Rg8 9. d4 g5 10. hxg5 Rxg5 11. f4 exf4 12. Rxf4 Kf7 13. Qf1 Qh8 14. Nd5 Nd8
15. Nxf6 Bxf6 16. e4 Bxd4+ 17. Kh1 Bf6 18. exf5 Nc6 19. Bd5+ Kg7 20. Be4 Rg4
21. Rxg4+ hxg4+ 22. Kg2 Qh3+ 23. Kf2 Qxf1+ 24. Kxf1 Ne7 25. Nd4 Bxd4 26. Rb1
Nxf5 27. Bf4 Ne3+ 28. Ke2 Nf5 29. b3 Be5 30. Rf1 Bxf4 31. Rxf4 Nxg3+ 32. Ke3
Nxe4 33. Kxe4 Bd7 34. Rf1 Re8+ 35. Kd3 Kg6 36. Rg1 Bf5+ 37. Kd4 Kg5 38. Rg3
c6 39. a3 Kf4 40. Rg1 g3 41. Kc3 Re3+ 42. Kb2 Re2+ 43. Kc1 Kf3 44. Rf1+ Rf2
45. Rg1 Rc2+ 46. Kd1 Kf2 47. Rh1 Ra2 48. a4 Ra1+ 49. Kd2 Rxh1 {White
resigns} 0-1

[Event "ICC tourney 2955 (40 10)"]
[Site "Internet Chess Club"]
[Date "2022.07.09"]
[Round "3"]
[White "STONE, GILBERT L:tightfist"]
[Black "WEI, LUKE:caracleliem2"]
[Result "0-1"]
[ICCResult "White resigns"]
[WhiteElo "1283"]
[BlackElo "1132"]
[Opening "Sicilian defense"]
[ECO "B30"]
[NIC "SI.31"]
[Time "15:30:57"]
[PlyCount "102"]
[TimeControl "2400+10"]

1. Nf3 c5 2. e4 Nc6 3. Be2 g6 4. O-O Bg7 5. c3 Nf6 6. d3 O-O 7. Nbd2 d6 8.
Qb3 a6 9. a4 Na5 10. Qc2 b5 11. b4 cxb4 12. cxb4 Nb7 13. Rb1 Bd7 14. a5 Rc8
15. Qd1 Qc7 16. Bb2 Nd8 17. Rc1 Qb8 18. Rxc8 Qxc8 19. Qc1 Nc6 20. Qc3 Qc7
21. Rc1 Rc8 22. h3 Kh8 23. Ng5 Kg8 24. f4 Qa7+ 25. Kf1 Qe3 26. Ngf3 Qxf4 27.
Qb3 Be6 28. Qa3 Nh5 29. Bxg7 Ng3+ 30. Kf2 Kxg7 31. Qb2+ Kg8 32. Rg1 Bd7 33.
Ke1 Qe3 34. Nf1 Nxf1 35. Rxf1 Nxb4 36. Kd1 Nxd3 37. Bxd3 Qxd3+ 38. Nd2 Qg3
39. Nf3 d5 40. Re1 Qd6 41. e5 Qc7 42. Qd2 b4 43. Re4 dxe4 44. Nd4 Rd8 45.
Qxb4 Qxe5 46. Qb6 Ba4+ 47. Ke2 Qxd4 48. Qxd4 Rxd4 49. Ke3 Rb4 50. g3 f5 51.
g4 Bc6 {White resigns} 0-1

[Event "ICC tourney 2955 (40 10)"]
[Site "Internet Chess Club"]
[Date "2022.07.09"]
[Round "3"]
[White "WENG, JOHNSON:K01-30136161"]
[Black "ZHANG, ARI:brass60Six"]
[Result "1-0"]
[ICCResult "Black resigns"]
[WhiteElo "1226"]
[BlackElo "1289"]
[Opening "Sicilian: closed"]
[ECO "B24"]
[NIC "SI.44"]
[Time "15:30:17"]
[PlyCount "85"]
[TimeControl "2400+10"]

1. e4 c5 2. Nc3 Nc6 3. g3 d6 4. Bg2 Nf6 5. d3 e6 6. f4 h6 7. Nf3 e5 8. f5
Be7 9. O-O d5 10. h3 d4 11. Ne2 Qc7 12. g4 Nh7 13. Ng3 Rg8 14. Bd2 Qd8 15.
Qe2 Bd7 16. a3 a6 17. Qf2 Bf6 18. Nh5 Qe7 19. Nxf6+ Qxf6 20. h4 O-O-O 21. b4
cxb4 22. axb4 Na7 23. Ra5 Nb5 24. c4 dxc3 25. Rc1 Kb8 26. Bxc3 Nxc3 27. Rxc3
Bb5 28. Qc5 Rge8 29. Qc7+ Ka8 30. Rxb5 Rb8 31. Rxe5 Rec8 32. Qxc8 Rxc8 33.
Rxc8+ Ka7 34. Rec5 Qb6 35. Kh2 Nf6 36. Kh3 Qxb4 37. R5c7 Qb3 38. Re7 Qxd3
39. Rcc7 Nxe4 40. Rxb7+ Ka8 41. Rbd7 Nf2+ 42. Kg3 Qc2 43. Re8+ {Black
resigns} 1-0

[Event "ICC tourney 2955 (40 10)"]
[Site "Internet Chess Club"]
[Date "2022.07.09"]
[Round "3"]
[White "ANGELCHIK, JACOB:t105mm"]
[Black "KODKANI, ARNAV:K05-16604473"]
[Result "1-0"]
[ICCResult "Black checkmated"]
[WhiteElo "1284"]
[BlackElo "1156"]
[Opening "Trompowsky attack (Ruth, Opocenský opening)"]
[ECO "A45"]
[NIC "QP.07"]
[Time "15:30:05"]
[PlyCount "201"]
[TimeControl "2400+10"]

1. d4 Nf6 2. Bg5 d5 3. Bxf6 exf6 4. Nf3 Be7 5. e3 Nc6 6. Bb5 O-O 7. O-O a6
8. Bd3 Bd6 9. Nc3 Ne7 10. Nh4 c6 11. Qh5 g6 12. Qf3 f5 13. Rfe1 Qd7 14. Qh3
g5 15. Nxf5 Nxf5 16. g4 Nh4 17. f3 Qc7 18. f4 f6 19. Rf1 Qg7 20. e4 Bxf4 21.
Rxf4 gxf4 22. Qxh4 dxe4 23. Nxe4 Qxg4+ 24. Qxg4+ Bxg4 25. Kf2 f5 26. Rg1 Kh8
27. Nc5 Rf7 28. Ne6 f3 29. Nf4 Re8 30. h3 Rd7 31. hxg4 Rxd4 32. Kxf3 fxg4+
33. Rxg4 Rf8 34. Rh4 Rf7 35. Ke3 Rd6 36. Nh3 Re7+ 37. Be4 Rg6 38. Kf3 Rf6+
39. Nf4 Rg7 40. Rh5 Rgf7 41. Rh4 Rg7 42. Ke2 Rgf7 43. Ke3 Re7 44. Ne2 Rfe6
45. Ng1 Kg8 46. Nh3 h6 47. Nf2 Kh8 48. Kd2 Rd7+ 49. Nd3 Rd4 50. Ke3 Rdd6 51.
c3 a5 52. Rg4 b6 53. Nf4 Rf6 54. Ng6+ Kg7 55. Ne5+ Kf8 56. Nc4 Rd1 57. Nxb6
c5 58. Na4 c4 59. Nc5 Ke7 60. Nb7 Rb6 61. Nxa5 Rxb2 62. Nxc4 Rxa2 63. Rh4
Re1+ 64. Kd4 Ra6 65. Ne5 Ra4+ 66. c4 Rc1 67. Rxh6 Rd1+ 68. Nd3 Rg1 69. Kd5
Rg5+ 70. Kd4 Rg1 71. Bd5 Rg4+ 72. Kc5 Ra5+ 73. Kb6 Rxd5 74. cxd5 Rd4 75. Kc6
Rxd3 76. d6+ Ke8 77. Rh8+ Kf7 78. d7 Ke7 79. Re8+ Kf7 80. d8=Q Rxd8 81. Rxd8
Ke6 82. Rd1 Ke5 83. Rd8 Ke6 84. Re8+ Kf7 85. Re2 Kf6 86. Kd5 Kf7 87. Kd6 Kg6
88. Ke5 Kf7 89. Kd6 Kg6 90. Rf2 Kg5 91. Ke5 Kg4 92. Rf8 Kg3 93. Ke4 Kg4 94.
Rg8+ Kh5 95. Kf4 Kh6 96. Rg1 Kh5 97. Rg2 Kh6 98. Kf5 Kh7 99. Kf6 Kh8 100.
Kf7 Kh7 101. Rh2# {Black checkmated} 1-0

[Event "ICC tourney 2955 (40 10)"]
[Site "Internet Chess Club"]
[Date "2022.07.09"]
[Round "3"]
[White "Wang, Chase:chensix"]
[Black "ZHOU, YUCHEN:K01-30171464"]
[Result "0-1"]
[ICCResult "White checkmated"]
[WhiteElo "918"]
[BlackElo "764"]
[Opening "Sicilian: Najdorf, Opocensky variation"]
[ECO "B92"]
[NIC "SI.10"]
[Time "15:30:16"]
[PlyCount "118"]
[TimeControl "2400+10"]

1. e4 c5 2. Nf3 d6 3. d4 cxd4 4. Nxd4 Nf6 5. Nc3 a6 6. Be2 g6 7. Be3 Bg7 8.
O-O O-O 9. Qd2 Bd7 10. Bh6 Nc6 11. Bxg7 Kxg7 12. Nxc6 Bxc6 13. Bd3 Qc7 14.
Rfe1 Rfd8 15. h3 e5 16. f4 Qb6+ 17. Kh1 Qxb2 18. a3 Qb6 19. f5 Rac8 20. Nd1
Bb5 21. h4 Bxd3 22. cxd3 Qc5 23. Ne3 Qc3 24. Qxc3 Rxc3 25. Red1 Rdc8 26. Nc4
Rc6 27. Kg1 gxf5 28. exf5 b5 29. Nd2 Rxd3 30. Nf3 Rxd1+ 31. Rxd1 h6 32. Kf2
Kf8 33. Rd3 Rc2+ 34. Kg3 e4 35. Rxd6 Ke7 36. Rxa6 exf3 37. Kxf3 Rc5 38. Ra7+
Kf8 39. Ra8+ Kg7 40. g4 Rc3+ 41. Kf4 Rc4+ 42. Ke5 Nxg4+ 43. Kd5 Kf6 44. Rb8
Ne3+ 45. Kd6 Nxf5+ 46. Kd7 Rxh4 47. Rxb5 Ra4 48. Rb3 h5 49. Kc6 h4 50. Kb5
Ra8 51. Rf3 Kg5 52. Rc3 Ng3 53. a4 Kg4 54. a5 h3 55. a6 h2 56. Kb6 h1=Q 57.
Rxg3+ Kxg3 58. Ka5 Rb8 59. a7 Qa1# {White checkmated} 0-1

[Event "ICC tourney 2955 (40 10)"]
[Site "Internet Chess Club"]
[Date "2022.07.09"]
[Round "4"]
[White "KODKANI, ARNAV:K05-16604473"]
[Black "Mishra, Aakash:ttpq52"]
[Result "1-0"]
[ICCResult "Black resigns"]
[WhiteElo "1156"]
[BlackElo "401"]
[Opening "Owen defense"]
[ECO "B00"]
[NIC "VO.01"]
[Time "17:45:19"]
[PlyCount "41"]
[TimeControl "2400+10"]

1. e4 b6 2. Nc3 Bb7 3. Bc4 e6 4. d4 Nf6 5. e5 Bxg2 6. exf6 Qxf6 7. Qg4 Bxh1
8. Bg5 Qf5 9. Qxf5 exf5 10. f3 Bb4 11. O-O-O Bxc3 12. bxc3 f6 13. Bf4 g5 14.
Bxc7 g4 15. Re1+ Kf8 16. Bd6+ Kg7 17. Re7+ Kg6 18. fxg4 Rc8 19. Bd3 Kg5 20.
Bxf5 Rxc3 21. Rxh7 {Black resigns} 1-0

[Event "ICC tourney 2955 (40 10)"]
[Site "Internet Chess Club"]
[Date "2022.07.09"]
[Round "4"]
[White "HECHT, HENRY:Henhec1001"]
[Black "Yang, Daniel Benji Benji:DanielYang99"]
[Result "0-1"]
[ICCResult "White resigns"]
[WhiteElo "1016"]
[BlackElo "1257"]
[Opening "English: closed system (without ...d6)"]
[ECO "A26"]
[NIC "EO.24"]
[Time "17:45:27"]
[PlyCount "58"]
[TimeControl "2400+10"]

1. c4 e5 2. g3 Nc6 3. Bg2 g6 4. Nc3 Bg7 5. d3 Nf6 6. Nf3 d6 7. h3 O-O 8. O-O
Be6 9. Ng5 Qd7 10. Nxe6 fxe6 11. Be3 d5 12. b3 d4 13. Bd2 dxc3 14. Bxc3 Rad8
15. Qc2 Nd4 16. Qd2 Nf5 17. Bxb7 c6 18. Ba6 e4 19. Rfd1 exd3 20. exd3 Rb8
21. c5 Nd5 22. Bxg7 Kxg7 23. Bc4 Nd4 24. Qb2 e5 25. f4 Qxh3 26. Qg2 Qxg2+
27. Kxg2 Ne3+ 28. Kf2 Nxd1+ 29. Rxd1 exf4 {White resigns} 0-1